AoeStats
← Sugy

Highland

505054029Analyzed
4v4 RM · 25d ago on Sep 7, 2026· 44m 45s· 8 players
Game mode
Random Map
Map size
Large (8 player)
Population
200
Speed
Normal
Resources
Standard
Victory
Conquest
Starting age
Dark Age
Ending age
Imperial Age
RankedLock teamsTeams togetherTeam positionsShared explorationLock speedFull tech treeHidden civsTurbo modeCheats
Victory
Defeat
🇨🇿 Vietnamese · Czechia
928
+14
🇮🇳 Celts · India
925
+14
🇪🇸 Byzantines · Spain
897
+16
🇨🇿 Japanese · Czechia
839
+18
🇩🇰 Burgundians · Denmark
1002
-19
🇩🇰 Bohemians · Denmark
889
-16
🇩🇰 Hindustanis · Denmark
840
-14
🇩🇰 Britons · Denmark
824
-13
Sugy
2:24 Loom
10:26 Feudal Age
15:18 Castle Age
14:02 Double-Bit Axe
14:49 Horse Collar
23:36 Heavy Plow
24:50 Bow Saw
25:53 Wheelbarrow
25:50 Town Watch
27:18 Hand Cart
28:03 Padded Archer Armor
27:54 Fletching
28:05 Gold Mining
28:52 Town Patrol
29:06 Caravan
29:41 Stone Mining
33:35 Imperial Age
32:13 Stone Shaft Mining
31:40 Elite Skirmisher
33:35 Thumb Ring
34:02 Bodkin Arrow
34:23 Leather Archer Armor
34:21 Forging
34:11 Scale Mail Armor
33:39 Imperial Skirmisher
35:44 Two-Man Saw
35:16 Paper Money
36:25 Bracer
36:56 Ring Archer Armor
36:50 Elite Rattan Archer
38:12 Hoardings
38:07 Ballistics
39:48 Chemistry
38:47 Murder Holes
38:59 Chatras
40:30 Squires
39:51 Elite Fire Lancer
40:17 Arson
rikbandy
9:42 Loom
12:35 Feudal Age
16:22 Castle Age
15:45 Double-Bit Axe
15:42 Horse Collar
17:46 Bow Saw
18:34 Heavy Plow
26:14 Wheelbarrow
28:01 Hand Cart
27:31 Town Watch
32:22 Imperial Age
30:22 Caravan
30:28 Arson
31:21 Ballistics
30:55 Fletching
31:16 Forging
31:51 Gold Mining
31:52 Stone Mining
32:54 Onager
34:06 Conscription
34:31 Siege Engineers
36:03 Furor Celtica
37:14 Siege Onager
38:19 Elite Woad Raider
40:13 Hoardings
40:41 Chemistry
39:52 Bodkin Arrow
40:01 Scale Mail Armor
41:21 Iron Casting
41:30 Masonry
41:18 Stronghold
41:56 Chain Mail Armor
45:56 Blast Furnace
MsPacMan
2:37 Loom
10:53 Feudal Age
20:41 Castle Age
19:12 Double-Bit Axe
19:11 Horse Collar
26:55 Murder Holes
27:13 Fortified Wall
27:16 Forging
31:23 Imperial Age
31:23 Wheelbarrow
30:51 Stone Mining
30:54 Gold Mining
33:22 Chemistry
32:05 Heavy Camel Rider
32:16 Pikeman
33:50 Bow Saw
38:00 Halberdier
38:45 Onager
39:42 Fletching
39:58 Scale Barding Armor
42:51 Scale Mail Armor
FrostyWeirdo
1:57 Loom
10:08 Feudal Age
10:36 Double-Bit Axe
11:15 Horse Collar
18:13 Castle Age
18:26 Pikeman
19:08 Squires
22:30 Bow Saw
27:40 Wheelbarrow
27:29 Heavy Plow
28:30 Gold Mining
28:30 Stone Mining
28:48 Fletching
32:20 Imperial Age
34:30 Hand Cart
34:00 Town Watch
34:43 Conscription
35:10 Hoardings
37:58 Two-Man Saw
37:43 Gold Shaft Mining
37:19 Halberdier
Palmejorgen4637
10:00 Loom
12:37 Feudal Age
14:53 Double-Bit Axe
14:52 Horse Collar
18:55 Castle Age
19:34 Bloodlines
19:39 Husbandry
31:36 Scale Barding Armor
31:42 Forging
31:33 Padded Archer Armor
34:23 Iron Casting
34:26 Chain Barding Armor
35:04 Bow Saw
35:02 Heavy Plow
36:29 Padded Archer Armor
37:01 Gold Mining
42:19 Imperial Age
44:35 Grand Trunk Road
Nickolai k
11:56 Feudal Age
13:57 Loom
20:19 Castle Age
28:24 Imperial Age
28:25 Elite Hussite Wagon
34:53 Siege Engineers
35:01 Fortified Wall
41:50 Wheelbarrow
41:47 Double-Bit Axe
43:15 Chemistry
42:40 Caravan
TommyGunDKz
10:22 Feudal Age
11:54 Loom
15:05 Castle Age
14:23 Double-Bit Axe
19:06 Horse Collar
22:28 Wheelbarrow
22:21 Bow Saw
24:35 Two-Man Saw
24:22 Husbandry
25:13 Gold Mining
30:23 Imperial Age
28:50 Scale Barding Armor
28:36 Fletching
28:57 Forging
30:14 Burgundian Vineyards
30:55 Gold Shaft Mining
30:39 Stone Mining
31:33 Iron Casting
32:01 Hoardings
31:34 Heavy Plow
32:46 Chemistry
32:06 Hand Cart
31:37 Town Watch
32:17 Chain Barding Armor
31:30 Pikeman
32:10 Squires
32:50 Caravan
33:05 Guilds
33:57 Crop Rotation
33:58 Conscription
33:02 Halberdier
34:28 Scale Mail Armor
35:29 Blast Furnace
35:05 Plate Barding Armor
34:59 Ballistics
34:53 Masonry
34:54 Cavalier
35:35 Elite Coustillier
36:31 Paladin
39:41 Arson
40:22 Chain Mail Armor
40:03 Bodkin Arrow
40:09 Padded Archer Armor
The Priest1783
6:25 Loom
11:50 Feudal Age
18:22 Castle Age
18:37 Fletching
18:56 Double-Bit Axe
19:00 Fishing Lines
19:39 Stone Mining
20:54 Horse Collar
22:27 Wheelbarrow
21:42 Town Watch
22:33 Wheelbarrow
25:47 Bodkin Arrow
26:53 Padded Archer Armor
26:54 Gold Mining
27:04 Crossbowman
30:28 Ballistics
33:04 Heavy Plow
33:42 Bow Saw
34:31 Leather Archer Armor
34:31 Fortified Wall
35:09 Gold Shaft Mining
38:05 Imperial Age
38:03 Yeomen
43:19 Arbalester
Connection lost

Rejoining the realm…

Still unreachable

The connection could not be restored.

Session expired

The server has moved on; the page needs a fresh start.